 Dungeon Sprint DCSS version 0.19-a0-578-g4cfc824 (webtiles) character file.

6200000 Groucho the Intangible (level 27, -15/174 HPs)
             Began as a Spriggan Abyssal Knight on June 9, 2016.
             Was the Champion of Makhleb.
             Demolished by a destroyer
             ... wielding a +9 great sword of slicing
              (146 damage)
             ... in the Dungeon (Sprint VIII: "Arena of Blood").
             The game lasted 00:02:01 (62 turns).

Groucho the Intangible (Spriggan Abyssal Knight)      Turns: 62, Time: 00:02:01

Health: -15/174    AC:  4    Str:  8    XL:     27
Magic:  10/55      EV: 44    Int: 16    God:    Makhleb [******]
Gold:   0          SH:  0    Dex: 26    Spells: 0 memorised, 80 levels left

rFire  . . .     SeeInvis +     j - +∞ Axe of Woe
rCold  . . .     Gourm    .     b - +0 robe
rNeg   . . .     Faith    .     (shield currently unavailable)
rPois  .         Spirit   .     (helmet restricted)
rElec  .         Dismiss  .     (no cloak)
rCorr  .         Reflect  .     (gloves unavailable)
SustAt .         Harm     .     (boots unavailable)
MR     ++++.     NoTele   +     (no amulet)
Stlth  ++++++++++               (no ring)
                                (no ring)

@: very slightly contaminated, hasted, very quick, incredibly resistant to
hostile enchantments, uncannily stealthy
A: unfitting armour, see invisible, herbivore 3, speed 3, slow metabolism 2
a: Minor Destruction, Lesser Servant of Makhleb, Major Destruction, Greater
Servant of Makhleb, Renounce Religion


You were in the Dungeon.
You worshipped Makhleb.
Makhleb was exalted by your worship.
You were not hungry.

You visited 1 branch

Inventory:

Hand Weapons
 a - a +1 short sword
 j - the +∞ Axe of Woe (weapon)
   (You found it in the Dungeon)
Armour
 b - a +0 robe (worn)
Jewellery
 f - an uncursed ring of protection from fire
Scrolls
 i - a scroll of blinking
Potions
 d - a potion of curing
 e - a potion of heal wounds
 g - 2 potions of magic
 h - a potion of berserk rage
Comestibles
 c - a bread ration


   Skills:
 O Level 27 Fighting
 O Level 27 Short Blades
 O Level 27 Axes
 O Level 27 Throwing
 O Level 27 Armour
 O Level 27 Dodging
 O Level 27 Stealth
 O Level 27 Unarmed Combat
 O Level 27 Spellcasting
 O Level 27 Invocations


You had 80 spell levels left.
You didn't know any spells.

Dungeon Overview and Level Annotations

Branches:
Dungeon (1/1)

Altars:
Makhleb


Innate Abilities, Weirdness & Mutations

You are tiny and cannot use many weapons and most armour.
You have supernaturally acute eyesight. (SInv)
You are a herbivore.
You cover ground extremely quickly.
You need consume almost no food.


Message History

The crawling corpse is destroyed!
Makhleb accepts your kill.
You hit the soul eater but do no damage.
You fatally mangle the soul eater.
You kill the soul eater!
You are engulfed in roaring flames.
You hear a shout! x8
Unknown command.
Unknown command.
Unknown command. 3 orcs, a hill giant and a skeletal warrior come into view.
You hear a shout!
The destroyer blinks!
The meat beast appears out of thin air!
A meat beast comes into view.
The sculptor of flesh is engulfed in roaring flames.
You hear a shout!
The destroyer is engulfed in roaring flames.
The destroyer hits you with a +9 great sword of slicing!!!!!
Ouch! That really hurt!
You die...

... #......# ..# oo .
..§...# ..#
.....zoo..##.%...#
..###.......o........#
........C...V###.....#
......O...C.OO..§§§..#
.#.......#o#%...§z)x.#
_#.............x§V§§.#
.#......#.#.#%§)@§§§)#
o..o....)......)§§§..#
.......).#.#.#x)#X§..#
..###..........#..o..#
..#.o...........#.oC%#
..#.o..........#..o..#
....o..............o.#
......#...#.2....##o.#
.....#....#...o.## ..#


You could see a meat beast (wandering), 2 destroyers, 2 sculptors of flesh, 2
large bags of meat, a large abomination, 2 meat berserkers, a small abomination,
11 bags of meat and 2 crawling corpses.

Vanquished Creatures
  A greater mummy (D)
  5 vampire knights (D)
  15 ogres (D)
  A lich (D)
  30 orcs (D)
  4 hill giants (D)
  A wretched star (D)
  2 small abominations (D)
  3 large abominations (D)
  4 crawling corpses (D)
66 creatures vanquished.

Vanquished Creatures (others)
  5 crawling corpses (D)
5 creatures vanquished.

Grand Total: 71 creatures vanquished

Notes
Turn   | Place    | Note
--------------------------------------------------------------
     0 | D        | Groucho the Spriggan Abyssal Knight began the quest for the Orb.
     0 | D        | Reached XP level 1. HP: 11/11 MP: 3/3
     3 | D        | Noticed a bag of meat
     3 | D        | Noticed a meat berserker
     4 | D        | Noticed a bag of meat
     4 | D        | Killed a meat berserker
     4 | D        | Reached skill level 10 in Invocations
     4 | D        | Reached XP level 2. HP: 35/35 MP: 3/9
     4 | D        | Reached XP level 3. HP: 40/40 MP: 3/10
     4 | D        | Reached XP level 4. HP: 45/45 MP: 3/12
     4 | D        | Reached XP level 5. HP: 50/50 MP: 3/13
     4 | D        | Reached XP level 6. HP: 55/55 MP: 3/15
     4 | D        | Reached XP level 7. HP: 60/60 MP: 3/16
     4 | D        | Reached XP level 8. HP: 65/65 MP: 3/17
     4 | D        | Reached XP level 9. HP: 69/69 MP: 3/18
     4 | D        | Reached XP level 10. HP: 74/74 MP: 3/19
     4 | D        | Reached XP level 11. HP: 79/79 MP: 3/20
     4 | D        | Reached XP level 12. HP: 84/84 MP: 3/21
     4 | D        | Reached XP level 13. HP: 88/88 MP: 3/22
     5 | D        | Noticed a bag of meat
     5 | D        | Noticed a bag of meat
     5 | D        | Noticed a bag of meat
     6 | D        | Noticed a bag of meat
     7 | D        | Fell from the grace of Lugonu
     7 | D        | Became a worshipper of Makhleb the Destroyer
     8 | D        | Noticed a meat berserker
     9 | D        | Noticed a meat berserker
    10 | D        | Noticed a meat berserker
    10 | D        | Killed a meat berserker
    10 | D        | Reached XP level 14. HP: 95/95 MP: 3/24
    11 | D        | Killed a meat berserker
    11 | D        | Reached * piety under Makhleb
    11 | D        | Reached skill level 27 in Dodging
    11 | D        | Reached XP level 15. HP: 34/100 MP: 4/27
    11 | D        | Reached skill level 15 in Invocations
    11 | D        | Reached ** piety under Makhleb
    15 | D        | Noticed a meat berserker
    15 | D        | Noticed a meat berserker
    15 | D        | Noticed a meat berserker
    16 | D        | Noticed a meat berserker
    18 | D        | Noticed a meat berserker
    19 | D        | Killed a meat berserker
    19 | D        | Reached skill level 27 in Stealth
    19 | D        | Reached XP level 16. HP: 38/109 MP: 4/30
    20 | D        | Killed a meat berserker
    20 | D        | Reached *** piety under Makhleb
    20 | D        | Reached XP level 17. HP: 116/116 MP: 5/32
    21 | D        | Noticed a meat berserker
    21 | D        | Noticed a meat berserker
    22 | D        | Noticed a destroyer
    22 | D        | Noticed a meat berserker
    23 | D        | Noticed a destroyer
    24 | D        | Noticed a meat berserker
    25 | D        | Noticed a large bag of meat
    26 | D        | Noticed a meat berserker
    28 | D        | Noticed a large bag of meat
    30 | D        | Noticed a large bag of meat
    30 | D        | Reached **** piety under Makhleb
    30 | D        | Killed a meat berserker
    30 | D        | Reached XP level 18. HP: 125/125 MP: 6/34
    30 | D        | Killed a meat berserker
    30 | D        | Reached skill level 27 in Fighting
    30 | D        | Reached skill level 27 in Axes
    31 | D        | Noticed a large bag of meat
    32 | D        | Killed a destroyer
    32 | D        | Reached ***** piety under Makhleb
    32 | D        | Reached skill level 27 in Invocations
    32 | D        | Reached XP level 19. HP: 132/132 MP: 6/37
    32 | D        | Killed a meat berserker
    32 | D        | Reached skill level 15 in Armour
    33 | D        | Noticed a destroyer
    33 | D        | Killed a destroyer
    33 | D        | Reached XP level 20. HP: 137/137 MP: 6/38
    33 | D        | Killed a meat berserker
    34 | D        | Noticed a destroyer
    39 | D        | Noticed a destroyer
    41 | D        | Killed a meat berserker
    41 | D        | Reached XP level 21. HP: 142/142 MP: 7/39
    42 | D        | Reached ****** piety under Makhleb
    42 | D        | Reached skill level 27 in Armour
    42 | D        | Reached skill level 27 in Unarmed Combat
    44 | D        | Reached XP level 22. HP: 148/148 MP: 7/47
    45 | D        | Killed a destroyer
    46 | D        | Reached skill level 27 in Short Blades
    46 | D        | Reached skill level 27 in Spellcasting
    46 | D        | Killed a destroyer
    46 | D        | Reached skill level 27 in Throwing
    46 | D        | Reached XP level 23. HP: 153/153 MP: 7/55
    48 | D        | Killed a destroyer
    48 | D        | Reached XP level 24. HP: 158/158 MP: 8/55
    49 | D        | Noticed a tyrant
    51 | D        | Killed a tyrant
    51 | D        | Reached XP level 25. HP: 163/163 MP: 8/55
    55 | D        | Noticed a destroyer
    56 | D        | Noticed an accursed
    57 | D        | Noticed a destroyer
    57 | D        | Reached XP level 26. HP: 169/169 MP: 9/55
    57 | D        | Killed an accursed
    58 | D        | Reached XP level 27. HP: 174/174 MP: 9/55
    62 | D        | Demolished by a destroyer

Vault maps used:
D:        meatsprint

Skill      XL: |  1  2  3  4  5  6  7  8  9 10 11 12 13 14 15 16 17 18 19 20 21 22 |
---------------+-------------------------------------------------------------------+-----
Fighting       | 20 21 23 24 26 27 | 27.0
Short Blades   | 14 22 27 | 27.0
Dodging        | 21 25 27 | 27.0
Invocations    | 10 13 14 18 20 23 27 | 27.0
Axes           | 9 13 19 21 25 27 | 27.0
Stealth        | 16 21 27 | 27.0
Armour         | 11 19 24 27 | 27.0
Unarmed Combat | 12 20 26 27 | 27.0
Throwing       | 18 27 | 27.0
Spellcasting   | 20 27 | 27.0

Action                   |  1- 3 |  4- 6 |  7- 9 | 10-12 | 13-15 | 16-18 | 19-21 | 22-24 | 25-27 || total
-------------------------+-------+-------+-------+-------+-------+-------+-------+-------+-------++-------
Melee: Broad axe         |     1 |       |       |       |     3 |     4 |     7 |     6 |     8 ||    29
  Use: Potion            |       |       |       |       |     1 |       |       |       |       ||     1
Dodge: Dodged            |       |       |       |       |       |     1 |       |       |     2 ||     3
